[ AOE2 MATCH · #464586367 ]
UnrankedMongols vs Mongols
Player's team · WIN
Rival team · LOSS
[ REPLAY ANALYSIS · EXTRACTED FROM THE RECORDED GAME ]
Feudal
10:58
Castle
15:19
Imperial
37:12
| APM avg | 24.3 |
| APM peak | 59 |
| eAPM avg | 11.3 |
| Villagers / military | 72 / 36 |
Focus
⚔️ 23.1% · 🌾 76.9%
Mangudai ×35 · Trebuchet (Packed) ×1
Feudal
12:48
Castle
16:47
Imperial
40:42
| APM avg | 19.8 |
| APM peak | 51 |
| eAPM avg | 10.1 |
| Villagers / military | 95 / 26 |
Focus
⚔️ 18.5% · 🌾 81.5%
Camel Scout ×16 · Steppe Lancer ×8 · Scorpion ×2
Match map
Initial resources + every placement click. Lines = walls · curves = elevation contours. ◆ gold · ⬟ stone · ● berries · ✦ relic · ◌ wall gap
Your base· Open — unwalled flank
Carolus's base· Open — 6t gap
Smoothed initial terrain · ◌ = detected wall gap · hover for details
Inputs per minute
— yoyo咖小 - - Carolus
Build order — yoyo咖小
First 150 of 199 actions detected
| 0:02 | Research | Loom |
| 0:03 | Create | Villager (Male) ×4 |
| 0:03 | Create | Villager (Male) ×4 |
| 0:08 | Build | House |
| 0:09 | Build | House |
| 0:11 | Build | House |
| 1:39 | Create | Villager (Male) |
| 2:26 | Create | Villager (Male) |
| 2:42 | Create | Villager (Male) |
| 3:12 | Create | Villager (Male) |
| 3:12 | Create | Villager (Male) |
| 3:25 | Create | Villager (Male) |
| 3:25 | Create | Villager (Male) |
| 3:55 | Build | Mill |
| 3:56 | Create | Villager (Male) |
| 3:56 | Create | Villager (Male) |
| 4:01 | Create | Villager (Male) |
| 4:01 | Create | Villager (Male) |
| 4:40 | Create | Villager (Male) |
| 4:40 | Create | Villager (Male) |
| 5:00 | Create | Villager (Male) |
| 5:00 | Create | Villager (Male) |
| 5:44 | Build | Lumber Camp |
| 5:45 | Create | Villager (Male) |
| 5:45 | Create | Villager (Male) |
| 5:45 | Create | Villager (Male) |
| 5:57 | Create | Villager (Male) |
| 6:33 | Build | House |
| 6:36 | Create | Villager (Male) |
| 6:56 | Create | Villager (Male) |
| 6:57 | Create | Villager (Male) |
| 6:57 | Create | Villager (Male) |
| 7:44 | Create | Villager (Male) |
| 7:47 | Build | Mining Camp |
| 8:01 | Build | Mining Camp |
| 8:48 | Research | Feudal Age |
| 10:32 | Build | Mill |
| 10:58 | Age | Feudal Age |
| 11:02 | Build | Market |
| 11:57 | Build | Blacksmith |
| 12:39 | Research | Castle Age |
| 12:39 | Research | Castle Age |
| 12:45 | Build | House |
| 12:47 | Build | Palisade Wall |
| 12:49 | Build | Palisade Wall |
| 13:15 | Research | Horse Collar |
| 13:32 | Build | House |
| 13:36 | Build | Palisade Wall |
| 14:28 | Research | Double-Bit Axe |
| 14:54 | Build | Farm |
| 14:57 | Build | Farm |
| 15:02 | Build | Farm |
| 15:14 | Create | Villager (Male) |
| 15:19 | Age | Castle Age |
| 15:34 | Build | Farm |
| 15:36 | Build | Farm |
| 15:37 | Build | Farm |
| 15:39 | Build | Farm |
| 15:44 | Create | Villager (Male) |
| 15:47 | Build | Farm |
| 16:21 | Build | Castle |
| 16:30 | Build | Palisade Wall |
| 16:31 | Build | Palisade Wall |
| 16:38 | Create | Villager (Male) |
| 17:02 | Create | Villager (Male) |
| 17:08 | Create | Villager (Male) |
| 17:17 | Build | House |
| 17:31 | Build | Farm |
| 17:32 | Create | Villager (Male) |
| 17:58 | Create | Villager (Male) |
| 18:16 | Create | Villager (Male) |
| 18:22 | Build | Farm |
| 18:47 | Build | Farm |
| 18:58 | Create | Villager (Male) |
| 19:05 | Build | Farm |
| 19:10 | Build | Farm |
| 19:14 | Build | Farm |
| 19:16 | Create | Mangudai |
| 19:16 | Create | Mangudai |
| 19:23 | Create | Villager (Male) |
| 19:28 | Research | Bow Saw |
| 19:36 | Create | Mangudai |
| 19:51 | Build | House |
| 19:56 | Create | Villager (Male) |
| 20:05 | Create | Mangudai |
| 20:10 | Create | Villager (Male) |
| 20:20 | Research | Wheelbarrow |
| 20:25 | Create | Mangudai |
| 20:35 | Build | Palisade Wall |
| 20:41 | Create | Mangudai |
| 21:02 | Create | Mangudai |
| 21:02 | Create | Mangudai |
| 21:06 | Build | House |
| 21:09 | Build | Palisade Wall |
| 21:21 | Build | House |
| 21:37 | Create | Mangudai |
| 21:37 | Create | Mangudai |
| 22:12 | Build | Farm |
| 22:53 | Research | Fletching |
| 23:02 | Create | Mangudai |
| 23:20 | Research | Padded Archer Armor |
| 23:22 | Create | Villager (Male) |
| 23:23 | Create | Villager (Male) |
| 24:12 | Build | Town Center |
| 24:19 | Create | Mangudai |
| 24:26 | Build | House |
| 24:27 | Build | House |
| 24:49 | Create | Villager (Male) |
| 25:48 | Build | House |
| 25:50 | Build | Palisade Wall |
| 25:55 | Build | Palisade Wall |
| 25:56 | Build | Palisade Wall |
| 26:16 | Research | Bodkin Arrow |
| 26:33 | Create | Mangudai |
| 27:24 | Create | Mangudai |
| 27:29 | Research | Heavy Plow |
| 27:29 | Research | Heavy Plow |
| 27:38 | Create | Villager (Male) |
| 27:42 | Create | Villager (Male) |
| 28:10 | Create | Mangudai |
| 28:10 | Create | Mangudai |
| 28:16 | Research | Gold Mining |
| 28:30 | Build | Mining Camp |
| 28:31 | Create | Villager (Male) |
| 28:31 | Create | Villager (Male) |
| 28:43 | Create | Villager (Male) |
| 28:45 | Create | Mangudai |
| 28:45 | Create | Mangudai |
| 29:42 | Build | Farm |
| 29:48 | Build | Farm |
| 29:48 | Create | Villager (Male) |
| 29:49 | Create | Villager (Male) |
| 29:58 | Create | Villager (Male) |
| 29:58 | Create | Villager (Male) |
| 30:09 | Create | Villager (Male) |
| 31:09 | Create | Mangudai |
| 31:09 | Create | Mangudai |
| 31:15 | Build | University |
| 31:23 | Build | Castle |
| 31:26 | Create | Villager (Male) |
| 31:49 | Create | Mangudai |
| 31:50 | Create | Mangudai |
| 31:57 | Build | Farm |
| 32:07 | Create | Villager (Male) |
| 32:07 | Create | Villager (Male) |
| 32:12 | Create | Mangudai |
| 32:12 | Create | Mangudai |
| 32:21 | Create | Villager (Male) |
| 32:36 | Build | Mining Camp |
| 32:41 | Create | Villager (Male) |
Build order — Carolus
First 150 of 221 actions detected
| 0:07 | Build | House |
| 0:12 | Build | House |
| 0:34 | Create | Villager (Male) |
| 0:34 | Create | Villager (Male) |
| 0:35 | Create | Villager (Male) |
| 0:35 | Create | Villager (Male) |
| 0:35 | Create | Villager (Male) |
| 0:35 | Create | Villager (Male) |
| 1:55 | Create | Villager (Male) |
| 1:55 | Create | Villager (Male) |
| 2:32 | Create | Villager (Male) |
| 2:32 | Create | Villager (Male) |
| 2:33 | Create | Villager (Male) |
| 2:40 | Build | Lumber Camp |
| 2:53 | Create | Villager (Male) |
| 2:53 | Create | Villager (Male) |
| 2:53 | Create | Villager (Male) |
| 3:11 | Build | House |
| 3:43 | Create | Villager (Male) |
| 3:43 | Create | Villager (Male) |
| 3:43 | Create | Villager (Male) |
| 3:44 | Create | Villager (Male) |
| 4:17 | Build | Palisade Wall |
| 4:37 | Create | Villager (Male) |
| 4:37 | Create | Villager (Male) |
| 4:38 | Create | Villager (Male) |
| 4:49 | Build | Mill |
| 5:11 | Create | Villager (Male) |
| 5:11 | Create | Villager (Male) |
| 5:12 | Create | Villager (Male) |
| 5:12 | Create | Villager (Male) |
| 6:03 | Create | Villager (Male) |
| 6:03 | Create | Villager (Male) |
| 6:03 | Create | Villager (Male) |
| 6:04 | Create | Villager (Male) |
| 6:04 | Create | Villager (Male) |
| 6:36 | Build | House |
| 7:00 | Create | Villager (Male) |
| 7:00 | Create | Villager (Male) |
| 7:00 | Create | Villager (Male) |
| 7:01 | Create | Villager (Male) |
| 7:01 | Create | Villager (Male) |
| 7:01 | Create | Villager (Male) |
| 8:03 | Build | House |
| 8:26 | Build | Mill |
| 8:29 | Create | Villager (Male) |
| 9:19 | Create | Villager (Male) |
| 9:20 | Create | Villager (Male) |
| 9:39 | Build | Barracks |
| 9:56 | Build | Palisade Wall |
| 10:03 | Create | Villager (Male) |
| 10:15 | Research | Feudal Age |
| 10:47 | Build | Mining Camp |
| 11:30 | Build | Farm |
| 11:39 | Build | Palisade Wall |
| 12:09 | Build | Palisade Gate |
| 12:21 | Build | Palisade Gate |
| 12:44 | Create | Villager (Male) |
| 12:48 | Age | Feudal Age |
| 12:58 | Research | Loom |
| 13:15 | Build | Stable |
| 13:26 | Build | Blacksmith |
| 13:42 | Build | House |
| 14:02 | Build | Farm |
| 14:07 | Research | Castle Age |
| 14:21 | Build | Farm |
| 14:32 | Build | Farm |
| 14:52 | Build | Farm |
| 14:56 | Build | Farm |
| 15:00 | Research | Double-Bit Axe |
| 15:23 | Build | House |
| 15:35 | Build | Farm |
| 15:42 | Build | Farm |
| 15:44 | Build | Farm |
| 15:56 | Build | House |
| 15:59 | Build | Palisade Wall |
| 16:10 | Build | Farm |
| 16:13 | Build | Farm |
| 16:16 | Research | Bloodlines |
| 16:41 | Build | Farm |
| 16:47 | Age | Castle Age |
| 16:53 | Create | Villager (Male) |
| 17:00 | Create | Steppe Lancer |
| 17:14 | Build | Stable |
| 17:21 | Build | House |
| 17:27 | Create | Villager (Male) |
| 17:36 | Build | Farm |
| 17:41 | Create | Steppe Lancer |
| 17:47 | Create | Villager (Male) |
| 18:02 | Create | Steppe Lancer |
| 18:02 | Create | Steppe Lancer |
| 18:19 | Build | Farm |
| 18:28 | Create | Villager (Male) |
| 18:38 | Create | Steppe Lancer |
| 18:58 | Create | Steppe Lancer |
| 19:03 | Build | Farm |
| 19:09 | Create | Villager (Male) |
| 19:34 | Build | Town Center |
| 19:40 | Create | Villager (Male) |
| 19:56 | Create | Villager (Male) |
| 20:04 | Build | Lumber Camp |
| 20:19 | Research | Wheelbarrow |
| 20:29 | Build | House |
| 20:41 | Create | Villager (Male) |
| 21:45 | Create | Villager (Male) |
| 21:45 | Create | Villager (Male) |
| 21:58 | Build | Farm |
| 22:05 | Research | Bow Saw |
| 22:51 | Create | Villager (Male) |
| 22:52 | Create | Villager (Male) |
| 23:09 | Build | Stone Wall |
| 23:17 | Build | Gate |
| 23:21 | Research | Scale Barding Armor |
| 23:24 | Create | Villager (Male) |
| 23:24 | Create | Villager (Male) |
| 23:32 | Create | Villager (Male) |
| 23:39 | Research | Fletching |
| 23:54 | Build | Farm |
| 23:58 | Create | Villager (Male) |
| 24:00 | Create | Villager (Male) |
| 24:32 | Create | Villager (Male) |
| 24:32 | Create | Villager (Male) |
| 25:09 | Build | Siege Workshop |
| 25:48 | Create | Villager (Male) |
| 25:48 | Create | Villager (Male) |
| 25:56 | Create | Scorpion |
| 25:56 | Create | Scorpion |
| 26:04 | Build | Farm |
| 26:15 | Create | Steppe Lancer |
| 26:15 | Create | Steppe Lancer |
| 26:19 | Research | Chain Barding Armor |
| 26:38 | Create | Villager (Male) |
| 26:38 | Create | Villager (Male) |
| 27:00 | Build | Castle |
| 27:13 | Create | Villager (Male) |
| 27:13 | Create | Villager (Male) |
| 27:16 | Create | Villager (Male) |
| 27:16 | Create | Villager (Male) |
| 27:46 | Create | Camel Scout |
| 27:46 | Create | Camel Scout |
| 28:12 | Build | Farm |
| 28:29 | Build | Lumber Camp |
| 28:46 | Create | Villager (Male) |
| 28:46 | Create | Villager (Male) |
| 28:58 | Create | Camel Scout |
| 28:58 | Create | Camel Scout |
| 29:41 | Create | Camel Scout |
| 29:41 | Create | Camel Scout |
| 29:46 | Research | Bodkin Arrow |
| 30:47 | Create | Camel Scout |
Match timeline
| 4:17 | Carolus · wall_segment Palisade Wall x1 |
| 9:39 | Carolus · first_building Barracks |
| 9:56 | Carolus · wall_segment Palisade Wall x2 |
| 10:58 | yoyo咖小 · age_up feudal |
| 11:39 | Carolus · wall_segment Palisade Wall x1 |
| 12:47 | yoyo咖小 · wall_segment Palisade Wall x1 |
| 12:48 | Carolus · age_up feudal |
| 12:49 | yoyo咖小 · wall_segment Palisade Wall x1 |
| 13:15 | Carolus · first_building Stable |
| 13:36 | yoyo咖小 · wall_segment Palisade Wall x1 |
| 15:19 | yoyo咖小 · age_up castle |
| 15:59 | Carolus · wall_segment Palisade Wall x1 |
| 16:21 | yoyo咖小 · first_building Castle |
| 16:30 | yoyo咖小 · wall_segment Palisade Wall x1 |
| 16:31 | yoyo咖小 · wall_segment Palisade Wall x1 |
| 16:47 | Carolus · age_up castle |
| 20:35 | yoyo咖小 · wall_segment Palisade Wall x1 |
| 21:09 | yoyo咖小 · wall_segment Palisade Wall x1 |
| 22:51 | yoyo咖小 · first_market_sell 100 food |
| 23:09 | Carolus · wall_segment Stone Wall x10 |
| 25:09 | Carolus · first_building Siege Workshop |
| 25:50 | yoyo咖小 · wall_segment Palisade Wall x1 |
| 25:55 | yoyo咖小 · wall_segment Palisade Wall x1 |
| 25:56 | yoyo咖小 · wall_segment Palisade Wall x1 |
| 27:00 | Carolus · first_building Castle |
| 31:57 | Carolus · wall_segment Stone Wall x4 |
| 32:27 | Carolus · first_market_buy 100 food |
| 35:15 | yoyo咖小 · first_building Barracks |
| 36:19 | yoyo咖小 · first_building Stable |
| 37:12 | yoyo咖小 · age_up imperial |
| 39:12 | yoyo咖小 · first_building Archery Range |
| 39:49 | yoyo咖小 · wall_segment Palisade Wall x1 |
| 40:13 | Carolus · wall_segment Stone Wall x6 |
| 40:42 | Carolus · age_up imperial |
| 40:44 | Carolus · resign |
[ AI ANALYSIS · 1 CREDIT ]
What really happened in this match?
Wolo.gg analyzes every decision: build order, eco, micro, common mistakes by bracket. Personalized analysis on WhatsApp or Discord in 30 seconds.
Civ guide
Mongols
Perfil
Jugador #660383